AoeStats
← Apoloinsider

Arabia

510624429Analyzed
3v3 RM · 7h ago on Oct 1, 2026· 58m 24s· 6 players
Game mode
Random Map
Map size
Normal (6 player)
Population
200
Speed
Normal
Resources
Standard
Victory
Conquest
Starting age
Dark Age
Ending age
Imperial Age
RankedLock teamsTeams togetherTeam positionsShared explorationLock speedFull tech treeHidden civsTurbo modeCheats
Victory
Defeat
🇧🇷 Vietnamese · Brazil
917
+8
🇧🇷 Khmer · Brazil
726
+15
🇧🇷 Britons · Brazil
693
+15
🇨🇭 Aztecs · Switzerland
760
-15
🇫🇷 Cumans · France
723
-13
🇧🇷 Georgians · Brazil
636
-10
SkUwU
11:49 Feudal Age
13:45 Double-Bit Axe
13:42 Horse Collar
16:01 Gold Mining
22:47 Castle Age
23:42 Heavy Plow
23:55 Bow Saw
24:23 Gold Shaft Mining
25:32 Stone Mining
31:25 Imperial Age
31:32 Imperial Age
33:00 Conscription
32:18 Elite Kipchak
33:05 Steppe Husbandry
36:25 Chemistry
36:48 Two-Man Saw
36:36 Padded Archer Armor
36:26 Fletching
36:44 Scale Barding Armor
38:06 Ballistics
38:05 Leather Archer Armor
37:46 Bodkin Arrow
40:47 Chain Barding Armor
40:57 Ring Archer Armor
45:52 Plate Barding Armor
omi_omar
1:10 Loom
11:21 Feudal Age
13:31 Horse Collar
13:39 Double-Bit Axe
14:20 Gold Mining
21:00 Castle Age
21:03 Arson
21:14 Stone Mining
22:23 Wheelbarrow
22:08 Bow Saw
22:00 Heavy Plow
22:18 Crossbowman
29:18 Hand Cart
28:48 Town Watch
32:06 Squires
31:51 Gambesons
32:35 Pikeman
35:34 Atlatl
35:39 Town Patrol
36:02 Padded Archer Armor
35:52 Fletching
36:13 Forging
39:18 Imperial Age
37:08 Murder Holes
37:24 Fortified Wall
37:35 Ballistics
37:21 Eagle Warrior
Apoloinsider
1:26 Loom
12:00 Feudal Age
12:29 Town Watch
13:27 Wheelbarrow
14:07 Horse Collar
14:15 Double-Bit Axe
18:24 Man-at-Arms
20:58 Arson
26:45 Bloodlines
26:42 Padded Archer Armor
41:15 Castle Age
51:04 Gold Mining
51:41 Husbandry
52:53 Bow Saw
52:52 Gambesons
56:52 Light Cavalry
iSorry
10:24 Feudal Age
13:17 Wheelbarrow
13:32 Double-Bit Axe
16:47 Loom
19:30 Castle Age
19:01 Padded Archer Armor
18:52 Fletching
19:11 Stone Mining
20:18 Thumb Ring
20:28 Crossbowman
21:01 Horse Collar
21:56 Town Watch
27:27 Bodkin Arrow
27:53 Bow Saw
29:26 Scale Mail Armor
29:36 Forging
29:40 Murder Holes
30:27 Gold Mining
35:14 Imperial Age
33:03 Leather Archer Armor
34:38 Ballistics
35:19 Hand Cart
35:04 Town Patrol
37:25 Two-Man Saw
37:47 Chemistry
37:09 Capped Ram
38:12 Elite Rattan Archer
39:09 Bloodlines
38:19 Light Cavalry
39:01 Husbandry
39:21 Elite Skirmisher
41:42 Treadmill Crane
44:24 Stone Shaft Mining
44:22 Ring Archer Armor
43:52 Bracer
44:29 Iron Casting
45:27 Heavy Cavalry Archer
49:05 Block Printing
49:10 Sanctity
49:55 Paper Money
49:36 Chatras
49:58 Caravan
51:17 Scale Barding Armor
53:52 Imperial Skirmisher
59:03 Chain Barding Armor
Diego-NA
1:01 Loom
12:37 Feudal Age
18:29 Castle Age
17:38 Stone Mining
18:20 Horse Collar
18:28 Double-Bit Axe
20:35 Stone Shaft Mining
25:57 Scale Barding Armor
25:54 Scale Mail Armor
27:19 Padded Archer Armor
29:04 Fortified Wall
30:54 Wheelbarrow
31:19 Husbandry
37:09 Imperial Age
36:07 Elite Skirmisher
38:17 Pikeman
39:23 Capped Ram
41:12 Conscription
41:44 Chain Mail Armor
41:47 Bow Saw
41:43 Heavy Plow
41:54 Siege Ram
42:22 Man-at-Arms
43:48 Caravan
44:02 Cavalier
45:54 Imperial Skirmisher
48:06 Chemistry
49:53 Gold Mining
49:56 Long Swordsman
52:37 Onager
53:41 Halberdier
53:43 Two-Handed Swordsman
56:11 Chain Barding Armor
56:35 Heated Shot
Jorjão
0:37 Loom
12:20 Feudal Age
16:14 Wheelbarrow
16:49 Gold Mining
16:49 Stone Mining
19:04 Town Watch
19:49 Double-Bit Axe
22:06 Horse Collar
25:16 Castle Age
24:57 Scale Mail Armor
24:47 Fletching
24:58 Padded Archer Armor
25:08 Forging
24:55 Man-at-Arms
25:20 Arson
29:01 Hand Cart
29:42 Heavy Plow
29:08 Long Swordsman
29:34 Gambesons
29:49 Squires
30:26 Treadmill Crane
30:57 Fortified Wall
30:58 Masonry
34:42 Gold Shaft Mining
34:13 Town Patrol
37:02 Imperial Age
35:36 Ballistics
35:12 Murder Holes
38:52 Yeomen
43:10 Chemistry
42:41 Architecture
43:22 Conscription
42:23 Elite Longbowman
43:39 Hoardings
43:35 Bow Saw
45:03 Caravan
45:47 Siege Engineers
49:16 Two-Man Saw
51:18 Leather Archer Armor
50:59 Bodkin Arrow
Connection lost

Rejoining the realm…

Still unreachable

The connection could not be restored.

Session expired

The server has moved on; the page needs a fresh start.